SL
PORTLAND EVERGREENS @ ATHLETIC CLUB KC
09/18/2030
 
TOP OF THE 1ST
Portland Evergreens batting - Pitching for Athletic Club KC : RHP Pedro Ramírez
Pitching: RHP Pedro Ramírez
Batting: SHB Willie McGirt 0-0: Called Strike
0-1: Foul Ball, location: 2F
0-2: Strikes out swinging
Batting: LHB John Ennis 0-0: Ball
1-0: Called Strike
1-1: Called Strike
1-2: Ball
2-2: Fly out, F8 (Line Drive, 78S)
Batting: SHB Billy Dotson 0-0: Called Strike
0-1: Ball
1-1: Swinging Strike
1-2: Ball
2-2: Strikes out swinging
Top of the 1st over - 0 runs, 0 hits, 0 errors, 0 left on base; Portland 0 - Athletic Club KC 0
BOTTOM OF THE 1ST
Athletic Club KC batting - Pitching for Portland Evergreens : RHP Roberto Calderón
Pitching: RHP Roberto Calderón
Batting: RHB Jesús Vargas 0-0: Ball
1-0: Hit by Pitch
Batting: RHB Dong-min Cho 0-0: Called Strike
Jesús Vargas steals 2nd base
0-1: Ball
1-1: Fly out, F7 (Line Drive, 7)
Batting: LHB Tsai Ng 0-0: Ball
1-0: Foul Ball, location: 2F
1-1: 2-RUN HOME RUN (Flyball, 78XD), Distance : 425 ft
Batting: LHB Jesús Reyes 0-0: SINGLE (Flyball, 89M)
Batting: SHB Pedro Vázquez 0-0: Foul Ball, location: 2F
0-1: Ball
1-1: Called Strike
1-2: Ball
2-2: Foul Ball, location: 2F
2-2: SINGLE (Line Drive, 34S)
Jesús Reyes to second
Batting: LHB Manuel Domínguez 0-0: Called Strike
0-1: Ball
1-1: Called Strike
1-2: Strikes out swinging
Batting: RHB Richard Younger 0-0: Ball
1-0: Swinging Strike
1-1: Ball
2-1: Swinging Strike
2-2: Fielders Choice at 2nd, 6-4 (Groundball, 56)
Bottom of the 1st over - 2 runs, 3 hits, 0 errors, 2 left on base; Portland 0 - Athletic Club KC 2
TOP OF THE 2ND
Portland Evergreens batting - Pitching for Athletic Club KC : RHP Pedro Ramírez
Batting: LHB Chris Payling 0-0: Fly out, F7 (Flyball, 78S)
Batting: LHB Dewitt Hopper 0-0: Foul Ball, location: 2F
0-1: Swinging Strike
0-2: Foul Ball, location: 2F
0-2: SINGLE (Groundball, 4D)
Batting: LHB Shahid Afridi 0-0: Called Strike
0-1: Ball
1-1: Ground out 4-3 (Groundball, 34D)
Dewitt Hopper to second
Batting: RHB Nelson Jaramillo 0-0: Ball
1-0: Ball
2-0: Ball
3-0: Base on Balls
Batting: LHB Adrián Gómez 0-0: Ball
Wild Pitch!
Dewitt Hopper to third
Nelson Jaramillo to second
1-0: Swinging Strike
1-1: Ball
2-1: Called Strike
2-2: Foul Ball, location: 2F
2-2: Ball
3-2: Base on Balls
Batting: LHB Ramón Garmendia 0-0: Ball
1-0: Called Strike
1-1: Foul Ball, location: 2F
1-2: Ground out 4-3 (Groundball, 4M)
Top of the 2nd over - 0 runs, 1 hit, 0 errors, 3 left on base; Portland 0 - Athletic Club KC 2
BOTTOM OF THE 2ND
Athletic Club KC batting - Pitching for Portland Evergreens : RHP Roberto Calderón
Batting: SHB Sang-your Yu 0-0: Ground out 5-3 (Groundball, 56)
Batting: RHB Khal Drogo 0-0: Called Strike
0-1: Bunt for hit - play at first, batter OUT! 1-3
Batting: RHB Jesús Vargas 0-0: Foul Ball, location: 2F
0-1: Foul Ball, location: 2F
0-2: Foul Ball, location: 2F
0-2: Ball
1-2: Ball
2-2: Ball
3-2: Strikes out swinging
Bottom of the 2nd over - 0 runs, 0 hits, 0 errors, 0 left on base; Portland 0 - Athletic Club KC 2
TOP OF THE 3RD
Portland Evergreens batting - Pitching for Athletic Club KC : RHP Pedro Ramírez
Batting: SHB Willie McGirt 0-0: Ball
1-0: Ball
2-0: Foul Ball, location: 2F
2-1: Foul Ball, location: 2F
2-2: Foul Ball, location: 2F
2-2: Foul Ball, location: 2F
Error on foul ball, E5
2-2: Fly out, F9 (Flyball, 9)
Batting: LHB John Ennis 0-0: Ball
1-0: Foul Ball, location: 2F
1-1: Foul Ball, location: 2F
1-2: Ground out 4-3 (Groundball, 4)
Batting: SHB Billy Dotson 0-0: Swinging Strike
0-1: Foul Ball, location: 2F
0-2: Foul Ball, location: 2F
0-2: Strikes out swinging
Top of the 3rd over - 0 runs, 0 hits, 1 error, 0 left on base; Portland 0 - Athletic Club KC 2
BOTTOM OF THE 3RD
Athletic Club KC batting - Pitching for Portland Evergreens : RHP Roberto Calderón
Batting: RHB Dong-min Cho 0-0: Called Strike
0-1: Called Strike
0-2: Fly out, F5 (Line Drive, 56)
Batting: LHB Tsai Ng 0-0: Ball
1-0: Ball
2-0: Ground out 6-3 (Groundball, 6)
Batting: LHB Jesús Reyes 0-0: Ball
1-0: Ball
2-0: Ball
3-0: SOLO HOME RUN (Flyball, 9D), Distance : 379 ft
Batting: SHB Pedro Vázquez 0-0: SINGLE (Line Drive, 6D)
Batting: LHB Manuel Domínguez 0-0: Ball
1-0: Ball
2-0: Called Strike
2-1: Swinging Strike
2-2: Ball
Pedro Vázquez is caught stealing 2nd base
Bottom of the 3rd over - 1 run, 2 hits, 0 errors, 0 left on base; Portland 0 - Athletic Club KC 3
TOP OF THE 4TH
Portland Evergreens batting - Pitching for Athletic Club KC : RHP Pedro Ramírez
Batting: LHB Chris Payling 0-0: Called Strike
0-1: Fly out, F3 (Line Drive, 34)
Batting: LHB Dewitt Hopper 0-0: Ball
1-0: Foul Ball, location: 2F
1-1: Reached on error, E9 (Flyball, 89M)
Batting: LHB Shahid Afridi 0-0: Ball
1-0: Called Strike
1-1: Swinging Strike
1-2: Strikes out looking
Batting: RHB Nelson Jaramillo 0-0: Swinging Strike
0-1: Ball
1-1: Swinging Strike
1-2: Ball
2-2: SINGLE (Flyball, 78S)
Dewitt Hopper to second
Batting: LHB Adrián Gómez 0-0: Foul Ball, location: 2F
0-1: Swinging Strike
0-2: Ball
1-2: Ball
2-2: Strikes out swinging
Top of the 4th over - 0 runs, 1 hit, 1 error, 2 left on base; Portland 0 - Athletic Club KC 3
BOTTOM OF THE 4TH
Athletic Club KC batting - Pitching for Portland Evergreens : RHP Roberto Calderón
Batting: LHB Manuel Domínguez 0-0: Foul Ball, location: 2F
0-1: Swinging Strike
0-2: Foul Ball, location: 2F
0-2: Strikes out swinging
Batting: RHB Richard Younger 0-0: Swinging Strike
0-1: SINGLE (Line Drive, 4D)
Pitching: RHP Pedro Aguilar
Batting: SHB Sang-your Yu 0-0: Ball
Richard Younger steals 2nd base
1-0: Ball
2-0: Fly out, F3 (Line Drive, 3S)
Batting: RHB Khal Drogo 0-0: Called Strike
0-1: Called Strike
0-2: Ball
1-2: Ball
2-2: Strikes out looking
Bottom of the 4th over - 0 runs, 1 hit, 0 errors, 1 left on base; Portland 0 - Athletic Club KC 3
TOP OF THE 5TH
Portland Evergreens batting - Pitching for Athletic Club KC : RHP Pedro Ramírez
Batting: LHB Ramón Garmendia 0-0: Ball
1-0: Ball
2-0: Called Strike
2-1: Foul Ball, location: 2F
2-2: Ball
3-2: Strikes out swinging
Batting: SHB Willie McGirt 0-0: Ball
1-0: Called Strike
1-1: Ball
2-1: Ball
3-1: Base on Balls
Batting: LHB John Ennis 0-0: Called Strike
0-1: Foul Ball, location: 2F
0-2: Foul Ball, location: 2F
0-2: SINGLE (Groundball, 3) (infield hit)
Willie McGirt to second
Batting: SHB Billy Dotson 0-0: Called Strike
0-1: Ball
1-1: Foul Ball, location: 2F
1-2: Ball
2-2: Ball
3-2: Foul Ball, location: 2F
3-2: Foul Ball, location: 2F
3-2: DOUBLE (Line Drive, 78D)
Willie McGirt scores
John Ennis to third
Batting: LHB Chris Payling 0-0: Called Strike
0-1: Called Strike
0-2: Ball
1-2: Fly out, F9 (Flyball, 89S)
Runner from 3rd tags up, SCORES, no throw
Batting: LHB Dewitt Hopper 0-0: Ball
1-0: Foul Ball, location: 2F
1-1: Ball
2-1: Ball
3-1: Swinging Strike
3-2: Strikes out swinging
Top of the 5th over - 2 runs, 2 hits, 0 errors, 1 left on base; Portland 2 - Athletic Club KC 3
BOTTOM OF THE 5TH
Athletic Club KC batting - Pitching for Portland Evergreens : RHP Pedro Aguilar
Batting: RHB Jesús Vargas 0-0: Ball
1-0: Foul Ball, location: 2F
1-1: Ball
2-1: Called Strike
2-2: Foul Ball, location: 2F
2-2: Foul Ball, location: 2F
2-2: SINGLE (Line Drive, 8LS)
Batting: RHB Dong-min Cho 0-0: Called Strike
0-1: Sac Bunt - play at first, batter OUT! 5-3
Jesús Vargas to second
Batting: LHB Tsai Ng 0-0: Fly out, F9 (Flyball, 9S)
Batting: LHB Jesús Reyes 0-0: Foul Ball, location: 2F
0-1: Called Strike
0-2: Ball
1-2: Foul Ball, location: 2F
1-2: Strikes out swinging
Bottom of the 5th over - 0 runs, 1 hit, 0 errors, 1 left on base; Portland 2 - Athletic Club KC 3
TOP OF THE 6TH
Portland Evergreens batting - Pitching for Athletic Club KC : RHP Pedro Ramírez
Batting: LHB Shahid Afridi 0-0: Fly out, F9 (Flyball, 9S)
Batting: RHB Nelson Jaramillo 0-0: Foul Ball, location: 2F
0-1: Swinging Strike
0-2: Ball
1-2: Ball
2-2: Fly out, F7 (Line Drive, 7)
Batting: LHB Adrián Gómez 0-0: Swinging Strike
0-1: SINGLE (Groundball, 6D)
Pitching: RHP Raúl Luna
Batting: LHB Ramón Garmendia 0-0: Ball
1-0: Ground out U3 (Groundball, 3L)
Top of the 6th over - 0 runs, 1 hit, 0 errors, 1 left on base; Portland 2 - Athletic Club KC 3
BOTTOM OF THE 6TH
Athletic Club KC batting - Pitching for Portland Evergreens : RHP Pedro Aguilar
Batting: SHB Pedro Vázquez 0-0: Ball
1-0: Called Strike
1-1: Foul Ball, location: 2F
1-2: Strikes out swinging
Batting: LHB Manuel Domínguez 0-0: Foul Ball, location: 2F
0-1: Foul Ball, location: 2F
0-2: Foul Ball, location: 2F
0-2: Foul Ball, location: 2F
0-2: Foul Ball, location: 2F
0-2: Ball
1-2: Foul Ball, location: 2F
1-2: Ball
2-2: Strikes out swinging
Batting: RHB Richard Younger 0-0: Called Strike
0-1: Ball
1-1: Ball
2-1: Ball
3-1: SINGLE (Line Drive, 56D)
Batting: SHB Sang-your Yu 0-0: Ball
Richard Younger steals 2nd base
1-0: Foul Ball, location: 2F
1-1: Ground out 6-3 (Groundball, 6M)
Bottom of the 6th over - 0 runs, 1 hit, 0 errors, 1 left on base; Portland 2 - Athletic Club KC 3
TOP OF THE 7TH
Portland Evergreens batting - Pitching for Athletic Club KC : RHP Raúl Luna
Pitching: RHP Sook Sung-Man
Batting: SHB Willie McGirt 0-0: Foul Ball, location: 2F
0-1: Swinging Strike
0-2: Ball
1-2: Foul Ball, location: 2F
1-2: Ball
2-2: Ball
3-2: Base on Balls
Batting: LHB John Ennis 0-0: Ball
1-0: Ball
2-0: Ball
3-0: Base on Balls
Willie McGirt to second
Batting: SHB Billy Dotson 0-0: Swinging Strike
0-1: Ball
1-1: Called Strike
1-2: Foul Ball, location: 2F
1-2: Strikes out swinging
Batting: LHB Chris Payling 0-0: Grounds into double play, 6-4-3 (Groundball, 6)
Top of the 7th over - 0 runs, 0 hits, 0 errors, 1 left on base; Portland 2 - Athletic Club KC 3
BOTTOM OF THE 7TH
Athletic Club KC batting - Pitching for Portland Evergreens : RHP Pedro Aguilar
Batting: RHB Khal Drogo 0-0: Fly out, F9 (Flyball, 9)
Batting: RHB Jesús Vargas 0-0: Foul Ball, location: 2F
0-1: Reached on error, E1 (Groundball, 13)
Batting: RHB Dong-min Cho 0-0: Called Strike
0-1: Ball
1-1: Foul Ball, location: 2F
1-2: Grounds into double play, 6-4-3 (Groundball, 6)
Bottom of the 7th over - 0 runs, 0 hits, 1 error, 0 left on base; Portland 2 - Athletic Club KC 3
TOP OF THE 8TH
Portland Evergreens batting - Pitching for Athletic Club KC : RHP Sook Sung-Man
Batting: LHB Dewitt Hopper 0-0: SINGLE (Groundball, 4D)
Pinch Runner at 1st Wei-qiang Mo:
Batting: LHB Shahid Afridi 0-0: SINGLE (Line Drive, 3D)
Wei-qiang Mo to second
Batting: RHB Nelson Jaramillo 0-0: Ball
1-0: Ball
2-0: Ball
Wild Pitch!
Wei-qiang Mo to third
Shahid Afridi to second
3-0: Base on Balls
Batting: LHB Adrián Gómez 0-0: Called Strike
0-1: Called Strike
0-2: Grounds into double play, 3-2-3 (Groundball, 3S)
Shahid Afridi to third
Nelson Jaramillo to second
Batting: LHB Ramón Garmendia 0-0: Ball
1-0: Called Strike
1-1: Ball
2-1: Ball
3-1: Fly out, F6 (Popup, 6)
Top of the 8th over - 0 runs, 2 hits, 0 errors, 2 left on base; Portland 2 - Athletic Club KC 3
BOTTOM OF THE 8TH
Athletic Club KC batting - Pitching for Portland Evergreens : RHP Pedro Aguilar
Batting: LHB Tsai Ng 0-0: Called Strike
0-1: Fly out, F4 (Line Drive, 4MD)
Batting: LHB Jesús Reyes 0-0: Ball
1-0: SINGLE (Line Drive, 4M)
Batting: SHB Pedro Vázquez 0-0: Swinging Strike
0-1: Swinging Strike
0-2: Strikes out swinging
Batting: LHB Manuel Domínguez 0-0: Called Strike
0-1: Ball
1-1: Fly out, F7 (Flyball, 7S)
Bottom of the 8th over - 0 runs, 1 hit, 0 errors, 1 left on base; Portland 2 - Athletic Club KC 3
TOP OF THE 9TH
Portland Evergreens batting - Pitching for Athletic Club KC : RHP Sook Sung-Man
Batting: SHB Willie McGirt 0-0: Ball
1-0: Foul Ball, location: 2F
1-1: Ball
2-1: Ball
3-1: Base on Balls
Batting: LHB John Ennis 0-0: Fly out, F9 (Flyball, 9D)
Batting: SHB Billy Dotson 0-0: Called Strike
0-1: Ball
1-1: Ball
2-1: 2-RUN HOME RUN (Flyball, 9LD), Distance : 362 ft
Batting: LHB Chris Payling 0-0: Called Strike
0-1: Swinging Strike
0-2: SOLO HOME RUN (Flyball, 9LD), Distance : 355 ft
Pitching: RHP Hi-sang Pak
Batting: RHB Wei-qiang Mo 0-0: Ball
1-0: Ball
2-0: Ball
3-0: Called Strike
3-1: Called Strike
3-2: Base on Balls
Batting: LHB Shahid Afridi 0-0: Ball
1-0: Called Strike
1-1: Called Strike
1-2: Ball
Wild Pitch!
Wei-qiang Mo to second
2-2: Foul Ball, location: 2F
2-2: Ball
3-2: Intentional Walk
Batting: RHB Nelson Jaramillo 0-0: Called Strike
0-1: Ball
Wild Pitch!
Wei-qiang Mo to third
Shahid Afridi to second
1-1: Ball
2-1: Foul Ball, location: 2F
2-2: Strikes out looking
Batting: LHB Adrián Gómez 0-0: Called Strike
0-1: Called Strike
0-2: Ball
1-2: Strikes out swinging
Top of the 9th over - 3 runs, 2 hits, 0 errors, 2 left on base; Portland 5 - Athletic Club KC 3
BOTTOM OF THE 9TH
Athletic Club KC batting - Pitching for Portland Evergreens : RHP Pedro Aguilar
Now at C: Carlos Cardona
Batting: RHB Richard Younger 0-0: Ground out 6-3 (Groundball, 6S)
Batting: SHB Sang-your Yu 0-0: DOUBLE (Line Drive, 7LM)
Batting: RHB Khal Drogo 0-0: Ball
1-0: Swinging Strike
1-1: Foul Ball, location: 2F
1-2: Fly out, F9 (Flyball, 89D)
Pitching: RHP Keith Rojas
Batting: RHB Jesús Vargas 0-0: Swinging Strike
0-1: Ball
1-1: Called Strike
1-2: Ball
2-2: Ball
3-2: Ground out 4-3 (Groundball, 4)
Bottom of the 9th over - 0 runs, 1 hit, 0 errors, 1 left on base; Portland 5 - Athletic Club KC 3
Sunday, March 18th, 2018 - OOTP Baseball 18.8 Build 76